 Dungeon Crawl Stone Soup version 0.29-a0-360-g8ed1089bbe (webtiles) character file.

Game seed: 8291673349039424376

92925 timneilson the Protected (level 16, -30/99 HPs)
             Began as a Gargoyle Fighter on Apr 28, 2022.
             Was an Elder of Okawaru.
             Annihilated by Rupert
             ... wielding a +3 great sword of flaming
              (37 damage)
             ... while paralysed by Rupert
             ... on level 14 of the Dungeon.
             The game lasted 01:16:49 (20564 turns).

timneilson the Protected (Gargoyle Fighter)        Turns: 20564, Time: 01:16:50

Health: -30/99     AC: 40    Str: 28    XL:     16   Next: 7%
Magic:  27/32      EV:  2    Int:  7    God:    Okawaru [****..]
Gold:   3049       SH:  0    Dex: 13    Spells: 15/15 levels left

rFire   . . .      SeeInvis +   B - +12 long sword "Omelette" {vorpal, rC- Dex+4}
rCold   . . .      Faith    .   y - +2 kite shield
rNeg    + . .      Spirit   .   I - +0 plate armour "Hafen" {rC+ MP+9 Int-2}
rPois   ∞          Reflect  .   b - +0 helmet {SInv}
rElec   +          Harm     .   G - scarf {repulsion}
rCorr   +          Rampage  .   x - +0 pair of gloves
Will    +....                   s - +0 pair of boots
Stlth   ..........              p - amulet of regeneration
HPRegen 1.06/turn               J - ring of resist corrosion
MPRegen 0.23/turn               D - +4 ring of protection

@: paralysed, heroic, finesse-ful, flying, studying Ice Magic, repel missiles
A: sickness immunity, AC +12, big wings, negative energy resistance 1,
electricity resistance, torment resistance 1, petrification resistance
a: Renounce Religion, Heroism, Finesse


You were on level 14 of the Dungeon.
You worshipped Okawaru.
Okawaru was greatly pleased with you.
You visited 4 branches of the dungeon, and saw 23 of its levels.
You also visited: Sewer, Ice Cave and Volcano.

You collected 3962 gold pieces.
You spent 913 gold pieces at shops.

Inventory:

Hand Weapons
 z - a +4 long sword
 B - the +12 long sword "Omelette" (weapon) {vorpal, rC- Dex+4}
   (You took it off a wight on level 8 of the Dungeon)

   It inflicts extra damage upon your enemies.
   Dex:       It affects your dexterity (+4).
   rC:        It makes you vulnerable to cold.
 L - a +1 broad axe of flaming
Missiles
 A - 11 silver javelins (quivered)
Armour
 b - a +0 helmet of see invisible (worn)
 f - the +1 hat of the Dice {Will+ rCorr}
   (You found it on level 5 of the Lair of Beasts)

   rCorr:     It protects you from acid and corrosion.
   Will:      It increases your willpower.
 h - a +2 plate armour of fire resistance
 k - +0 ice dragon scales
 s - a +0 pair of boots (worn)
 x - a +0 pair of gloves (worn)
 y - a +2 kite shield (worn)
 G - a scarf of repulsion (worn)
 I - the +0 plate armour "Hafen" (worn) {rC+ MP+9 Int-2}
   (Okawaru gifted it to you on level 2 of the Lair of Beasts)

   Int:       It affects your intelligence (-2).
   rC:        It protects you from cold.
   MP:        It affects your magic capacity (+9).
 N - a +0 cloak of fire resistance
Jewellery
 p - an amulet of regeneration (around neck)
 w - an amulet of reflection
 D - a +4 ring of protection (right hand)
 J - a ring of resist corrosion (left hand)
 U - a ring of fire
Wands
 a - a wand of digging (5)
 c - a wand of iceblast (16)
 d - a wand of flame (79)
 o - a wand of paralysis (2)
 P - a wand of polymorph (4)
 Q - a wand of acid (7)
 S - a wand of mindburst (6)
Scrolls
 i - 6 scrolls of fog
 m - 3 scrolls of enchant weapon
 n - 12 scrolls of teleportation
 v - 2 scrolls of magic mapping
 E - 6 scrolls of identify
 H - 2 scrolls of amnesia
Potions
 e - 2 potions of lignification
 g - 4 potions of berserk rage
 j - 4 potions of brilliance
 l - 4 potions of attraction
 q - 3 potions of resistance
 r - 4 potions of haste
 u - 3 potions of mutation
 C - 2 potions of cancellation
 K - 3 potions of might
 O - 2 potions of ambrosia
Miscellaneous
 F - a phial of floods
 R - a lightning rod (4/4)


   Skills:
 + Level 10.6(15.6) Fighting
 * Level 12.2(17.2) Long Blades
 * Level 14.6(19.6) Armour
 + Level 7.7(12.7) Dodging
 * Level 14.6(19.6) Shields
 + Level 9.6 Invocations
 + Level 8.3 Evocations


You had 15 spell levels left.
You didn't know any spells.
Your spell library contained the following spells:

 Spells                   Type           Power      Damage    Failure   Level
 Freeze                   Ice            0%         1d3       96%         1
 Pain                     Necr           0%         1d4       96%         1
 Blink                    Tloc           0%         N/A       99%         2
 Frozen Ramparts          Ice            0%         1d2       100%        3
 Ozocubu's Armour         Ice            0%         N/A       100%        3
 Fulminant Prism          Conj/Hex       0%         3d6       100%        4
 Hailstorm                Conj/Ice       0%         3d3       100%        4
 Iskenderun's Mystic Bla  Conj/Tloc      0%         2d3       100%        4
 Petrify                  Tmut/Erth      0%         N/A       100%        4
 Agony                    Necr           0%         N/A       100%        5
 Excruciating Wounds      Necr           0%         N/A       100%        5
 Freezing Cloud           Conj/Ice/Air   0%         6-21      100%        5
 Irradiate                Conj/Tmut      0%         3d13      100%        5
 Lee's Rapid Deconstruct  Erth           0%         3d5*      100%        5
 Manifold Assault         Tloc           0%         N/A       100%        5
 Ozocubu's Refrigeration  Ice            0%         4d5       100%        7
 Storm Form               Tmut/Air       0%         N/A       100%        7
 Polar Vortex             Ice            0%         N/A       100%        9
 Sublimation of Blood     Necr           Unusable   N/A       N/A         2
 Simulacrum               Ice/Necr       Unusable   N/A       N/A         6

Dungeon Overview and Level Annotations

Branches:
Dungeon (14/15)            Temple (1/1) D:4            Lair (6/6) D:11
 Shoals (0/4) Lair:4        Snake (0/4) Lair:3        Slime (0/5) Lair:5
    Orc (2/2) D:10            Elf (0/3) Orc:2        Vaults (0/5) D:14
  Sewer (visited)           IceCv (visited)         Volcano (visited)

Altars:
Ashenzari
Cheibriados
Dithmenos
Elyvilon
Fedhas
Gozag
Hepliaklqana
Kikubaaqudgha
Makhleb
Nemelex Xobeh
Okawaru
Qazlal
Ru
Sif Muna
Trog
Uskayaw
Vehumet
Wu Jian
Xom
Yredelemnul
Zin
The Shining One
Jiyva

Shops:
D:5 *[:(:   D:6 *   D:13 :   Orc:1 =*(:   Orc:2 =??(

Annotations:
D:14 Rupert


Innate Abilities, Weirdness & Mutations

You are immune to sickness and miasma.
Your stone body is resilient. (AC +12)
You are immune to poison.
Your large and strong wings let you fly.
You resist negative energy. (rN+)
You are resistant to electric shocks. (rElec)
You are resistant to unholy torment.
You are immune to petrification.


Message History

The death knight offers itself to Yredelemnul, and fills with unholy energy.
The human hits you but does no damage. x2; The human hits you.
The centaur warrior barely misses you.
The centaur warrior kicks you but does no damage.
The centaur warrior hits you but does no damage.
The centaur warrior kicks you but does no damage.
The tengu warrior hits you but does no damage.
The human hits you but does no damage. x5
Rupert hits you with a +3 great sword of flaming!!
Rupert burns you. The human hits you.
The centaur warrior hits you but does no damage.
The centaur warrior kicks you but does no damage.
Rupert hits you with a +3 great sword of flaming!
Rupert burns you.
* * * LOW HITPOINT WARNING * * *
The tengu warrior hits you but does no damage.
The human hits you but does no damage. x3; The human hits you.
* * * LOW HITPOINT WARNING * * *
The human hits you but does no damage. x2; The centaur warrior hits you!
* * * LOW HITPOINT WARNING * * *
The centaur warrior kicks you but does no damage.
Rupert hits you with a +3 great sword of flaming!
* * * LOW HITPOINT WARNING * * *
Rupert burns you.
* * * LOW HITPOINT WARNING * * *
The centaur warrior hits you but does no damage.
The centaur warrior kicks you but does no damage.
The tengu warrior hits you but does no damage.
The human barely misses you.
The human hits you but does no damage. x2
The human barely misses you.
Rupert hits you with a +3 great sword of flaming.
* * * LOW HITPOINT WARNING * * *
Rupert burns you.
* * * LOW HITPOINT WARNING * * *
The phantasmal warrior gestures at you.
The phantasmal warrior blinks!
The human hits you but does no damage.
The centaur warrior hits you but does no damage.
The centaur warrior kicks you but does no damage.
Rupert hits you with a +3 great sword of flaming!!!
You die...

.##. #. .# .##
....##.#.##..#
.............#
.............#
.......p.....#
#.W..CpOpQ...#
.....pcppQ...##
...[pp@@pQW....
.....Wpppp.....
.....poWpp?....
.......p......#
.............!#
########......#
......# ......#


You could see Rupert (berserk), a death knight (reflects damage), an orc knight,
2 tengu warriors, a centaur warrior, a two-headed ogre, a cyclops, 2 phantasmal
warriors, 16 humans, 2 wraiths and a tengu conjurer.

Vanquished Creatures
  The ghost of Jysajome the Bludgeoner, an adept OgCj of Ashenzari (Lair:4)
  The ghost of Zooseq the Thaumaturge, a journeyman GnFE of Gozag (Lair:5)
  An orc warlord (Orc:2)
  A war gargoyle (D:12)
  A red draconian (Volcano)
  An ettin (Orc:1)
  Josephine (D:10)
  Snorg (D:12)
  An ice dragon (IceCv)
  Erolcha (D:9)
  5 catoblepae
  8 hydras
  A boulder beetle (D:13)
  4 centaur warriors
  A two-headed ogre (shapeshifter) (D:12)
  4 two-headed ogres (D:12)
  18 death yaks (Lair:6)
  Urug (D:11)
  Lodul (D:12)
  4 skeletal warriors (D:13)
  A lindwurm (Lair:5)
  Pikel (D:7)
  3 orc knights
  2 deep elf pyromancers
  4 ugly things
  9 elephants
  An oklob plant (Lair:5)
  3 manticores
  3 cyclopes
  A moth of wrath (Lair:5)
  Maurice (D:12)
  3 black mambas
  2 ice statues (IceCv)
  2 torpor snails
  A molten gargoyle (Volcano)
  A gargoyle (D:12)
  3 unseen horrors
  6 cane toads
  6 rime drakes
  2 kobold demonologists
  A yaktaur (Volcano)
  8 komodo dragons
  4 polar bears
  4 trolls
  9 slime creatures
  A snapping turtle (Lair:4)
  6 blink frogs
  Sigmund (D:2)
  2 shadows (D:12)
  35 yaks
  6 wraiths
  9 vampire mosquitoes
  6 fire bats (Volcano)
  9 basilisks
  2 nagas (Lair:3)
  4 wargs
  12 water moccasins
  2 ice beasts
  33 orc warriors
  2 black bears
  A sky beast (D:8)
  42 wolves
  8 ogres
  15 centaurs
  4 phantoms
  11 kobold brigands
  11 bullfrogs
  3 scorpions
  A two-headed ogre simulacrum (D:12)
  3 gnoll sergeants
  8 wights
  2 elephant simulacra (D:12)
  4 lindwurm simulacra (IceCv)
  14 killer bees
  3 electric eels
  5 howler monkeys (D:8)
  10 orc priests
  10 hounds
  9 komodo dragon simulacra (IceCv)
  7 lava snakes (Volcano)
  A gnoll shaman (D:6)
  3 iguanas
  Jessica (D:2)
  Natasha (twice) (D:3)
  5 orc wizards
  A polar bear simulacrum (D:12)
  4 spriggan simulacra (D:12)
  21 gnolls
  10 adders
  3 acid dragon simulacra (IceCv)
  A river rat (Sewer)
  An ufetubus (D:4)
  5 steam dragon simulacra (IceCv)
  A worm (shapeshifter) (D:12)
  6 worms
  3 dart slugs
  51 orcs
  9 endoplasms
  3 giant cockroaches
  8 goblins
  5 hobgoblins
  4 jackals (D:2)
  34 kobolds
  A quokka (D:2)
  6 ball pythons
  4 bats
  3 frilled lizards
  10 rats
645 creatures vanquished.

Vanquished Creatures (others)
  An ogre (D:12)
  12 fungi
  20 plants
  2 withered plants (Lair:4)
35 creatures vanquished.

Grand Total: 680 creatures vanquished

Notes
Turn   | Place    | Note
-------+----------+-------------------------------------------
     0 | D:1      | timneilson the Gargoyle Fighter began the quest for the
                  | Orb.
     0 | D:1      | Reached XP level 1. HP: 14/14 MP: 1/1
   290 | D:1      | Reached XP level 2. HP: 18/19 MP: 2/2
   785 | D:1      | Reached XP level 3. HP: 17/23 MP: 3/3
  1155 | D:2      | Noticed Sigmund
  1176 | D:2      | Killed Sigmund
  1177 | D:2      | Reached skill level 1 in Dodging
  1177 | D:2      | Reached XP level 4. HP: 26/29 MP: 4/4
  1177 | D:2      | Reached XP level 5. HP: 30/33 MP: 5/5
  1445 | D:2      | Noticed Jessica
  1450 | D:2      | Killed Jessica
  1451 | D:2      | Reached XP level 6. HP: 34/38 MP: 6/6
  1995 | D:3      | Found a faded altar of an unknown god.
  2087 | D:3      | Noticed Natasha
  2098 | D:3      | Killed Natasha
  2317 | D:3      | Reached skill level 5 in Shields
  2329 | D:3      | Reached skill level 1 in Evocations
  2713 | D:3      | Noticed Natasha
  2718 | D:3      | Killed Natasha
  2719 | D:3      | Reached XP level 7. HP: 29/43 MP: 7/7
  2872 | D:4      | Reached skill level 5 in Armour
  2911 | D:4      | Found a staircase to the Ecumenical Temple.
  3102 | D:4      | Found a glowing drain.
  3173 | Sewer    | Entered a sewer
  3302 | Sewer    | Reached XP level 8. HP: 48/48 MP: 8/8
  3998 | Temple   | Entered the Ecumenical Temple
  4080 | Temple   | Became a worshipper of Warmaster Okawaru
  4125 | D:4      | Reached skill level 5 in Fighting
  4395 | D:5      | Entered Level 5 of the Dungeon
  4455 | D:5      | Identified the +7 mace of Malaise {freeze, rCorr}
  4538 | D:5      | Reached skill level 5 in Long Blades
  4538 | D:5      | Reached skill level 1 in Invocations
  4718 | D:5      | Reached XP level 9. HP: 34/54 MP: 9/9
  5016 | D:5      | Found Moskull's Weapon Shop.
  5063 | D:5      | Found Toronef's Book Shop.
  5076 | D:5      | Found Orrapn's Armour Emporium.
  5094 | D:5      | Found Qiuwnac's Assorted Antiques.
  5266 | D:5      | Found Ucynuc's Book Boutique.
  5467 | D:6      | Reached * piety under Okawaru
  5804 | D:6      | Found Wost's Gadget Gallery.
  6039 | D:6      | Reached XP level 10. HP: 61/61 MP: 10/13
  6040 | D:6      | Reached skill level 10 in Armour
  6040 | D:6      | Reached skill level 10 in Shields
  6040 | D:6      | Reached skill level 5 in Invocations
  6040 | D:6      | Reached skill level 5 in Evocations
  6040 | D:6      | Reached XP level 11. HP: 67/67 MP: 10/14
  6244 | D:7      | Noticed Pikel
  6283 | D:7      | Killed Pikel
  6283 | D:7      | Reached ** piety under Okawaru
  6555 | D:7      | Reached skill level 5 in Dodging
  6949 | D:8      | Identified the +12 long sword "Omelette" {vorpal, rC-
                  | Dex+4}
  7805 | D:9      | Noticed Erolcha
  7815 | D:9      | Killed Erolcha
  7829 | D:9      | Identified the +4 ring mail "Usegegho" {rC+}
  8342 | D:5      | Bought a +2 plate armour of fire resistance for 440 gold
                  | pieces
  8418 | D:10     | Entered Level 10 of the Dungeon
  8424 | D:10     | Found a staircase to the Orcish Mines.
  8452 | D:10     | Reached *** piety under Okawaru
  8486 | D:10     | Reached XP level 12. HP: 73/73 MP: 16/16
  8595 | D:10     | Noticed Josephine
  8608 | D:10     | Killed Josephine
  8779 | D:10     | Noticed a soul eater
  8803 | D:10     | Reached **** piety under Okawaru
  8947 | D:10     | Found a shimmering altar of Xom.
  9234 | D:11     | Found a staircase to the Lair.
  9379 | D:11     | Noticed Urug
  9398 | D:11     | Killed Urug
  9917 | D:5      | Bought a sharpened brass wand for 100 gold pieces
  9917 | D:5      | Bought a scroll labelled OBBAISKAGA for 25 gold pieces
  9917 | D:5      | Acquired 827 gold pieces
  9948 | D:6      | Bought a wand of flame (10) for 72 gold pieces
  9948 | D:6      | Bought a wand of flame (12) for 84 gold pieces
  9948 | D:6      | Bought a wand of iceblast (12) for 192 gold pieces
 10087 | Lair:1   | Entered Level 1 of the Lair of Beasts
 10087 | Lair:1   | Noticed a seven-headed hydra
 10092 | Lair:1   | Killed a seven-headed hydra
 10092 | Lair:1   | Reached ***** piety under Okawaru
 10162 | Lair:1   | Noticed a four-headed hydra
 10177 | Lair:1   | Killed a four-headed hydra
 10236 | Lair:1   | Noticed a five-headed hydra
 10249 | Lair:1   | Killed a five-headed hydra
 10304 | Lair:1   | Reached XP level 13. HP: 77/79 MP: 18/18
 11611 | Lair:2   | Reached ****** piety under Okawaru
 11628 | Lair:2   | Identified the +0 plate armour "Hafen" {rC+ MP+9 Int-2}
                  | (Okawaru gifted it to you on level 2 of the Lair of Beasts)
 11628 | Lair:2   | Received a gift from Okawaru
 11912 | Lair:3   | Reached skill level 10 in Long Blades
 12048 | Lair:3   | Found a staircase to the Snake Pit.
 12139 | Lair:3   | Found a basalt altar of Yredelemnul.
 12416 | Lair:4   | Found a staircase to the Shoals.
 12505 | Lair:4   | Found a runed translucent door.
 12505 | Lair:4   | Noticed Jysajome's ghost (adept OgCj)
 13314 | Lair:5   | Found a dark tunnel.
 13319 | Volcano  | Entered a volcano
 13433 | Volcano  | Noticed a red draconian
 13459 | Volcano  | Found a radiant altar of Vehumet.
 13495 | Volcano  | Killed a red draconian
 13495 | Volcano  | Received a gift from Okawaru
 13743 | Lair:5   | Found a viscous altar of Jiyva.
 13745 | Lair:5   | Found a staircase to the Slime Pits.
 13772 | Lair:5   | Found a transporter.
 13775 | Lair:5   | Noticed Zooseq's ghost (journeyman GnFE)
 13794 | Lair:5   | Found a transporter.
 13872 | Lair:5   | Gained mutation: Your large and strong wings let you fly.
                  | [Gargoyle growth]
 13872 | Lair:5   | Reached XP level 14. HP: 65/86 MP: 19/19
 14606 | Lair:6   | Entered Level 6 of the Lair of Beasts
 14636 | Lair:6   | Identified the +1 falchion "Undertaker" {venom, rPois Str-3
                  | SInv Stlth+} (Okawaru gifted it to you on level 6 of the
                  | Lair of Beasts)
 14636 | Lair:6   | Received a gift from Okawaru
 15096 | Lair:6   | Received a gift from Okawaru
 16014 | Lair:6   | Reached XP level 15. HP: 87/92 MP: 21/21
 16278 | Orc:1    | Entered Level 1 of the Orcish Mines
 16311 | Orc:1    | Found Simica's Jewellery Shop.
 16383 | Orc:2    | Entered Level 2 of the Orcish Mines
 16383 | Orc:2    | Found a staircase to the Elven Halls.
 16438 | Orc:2    | Noticed an orc warlord
 16469 | Orc:2    | Killed an orc warlord
 16785 | Orc:2    | Reached skill level 10 in Fighting
 16865 | Orc:2    | Found Lydghoick's Jewellery Shop.
 16867 | Orc:2    | Found Maizex's Magic Scroll Emporium.
 16867 | Orc:2    | Found Vuatyshro's Magic Scroll Boutique.
 16899 | Orc:2    | Found Foga's Weapon Shoppe.
 16997 | Orc:2    | Identified the +5 long sword of Fumumoan {elec, Will+ Str+4
                  | Dex-4} (Okawaru gifted it to you on level 2 of the Orcish
                  | Mines)
 16997 | Orc:2    | Received a gift from Okawaru
 17228 | Orc:1    | Found Ehe Bad's Book Boutique.
 17498 | Orc:1    | Found Wigot's Weapon Emporium.
 17501 | Orc:1    | Found Wot Tuja's Assorted Antiques.
 17779 | D:12     | Noticed Lodul
 17809 | D:12     | HP: 3/92 [two-headed ogre/+0 dire flail (10)]
 17826 | D:12     | Killed Lodul
 17842 | D:12     | Identified the +0 plate armour of the Failed Coup {rC+}
                  | (Okawaru gifted it to you on level 12 of the Dungeon)
 17842 | D:12     | Received a gift from Okawaru
 17903 | D:12     | Found a frozen archway.
 17942 | IceCv    | Entered an ice cave
 18819 | D:12     | Noticed Snorg
 18833 | D:12     | Killed Snorg
 18864 | D:12     | Noticed Maurice
 18888 | D:12     | Killed Maurice
 20067 | D:13     | Found Diodyhax's Book Emporium.
 20098 | D:14     | Noticed Rupert
 20098 | D:14     | Found a gate to the Vaults.
 20252 | Lair:4   | Killed Jysajome's ghost
 20253 | Lair:4   | Reached XP level 16. HP: 98/98 MP: 23/23
 20355 | Lair:5   | Killed Zooseq's ghost
 20370 | Lair:5   | Identified the -3 hat of Fantepn {Str+2}
 20371 | Lair:5   | Identified the +1 hat of the Dice {Will+ rCorr}
 20396 | Lair:5   | Identified the +5 buckler of Indecent Exposure {rF+ Will-
                  | Str+2}
 20558 | D:14     | Paralysed by Rupert for 7 turns
 20564 | D:14     | Annihilated by Rupert

Illustrated notes

Levels and vault maps discovered:
D:1:      elethiomel_arrival_shortcut, layout_basic
D:2:      layout_basic, uniq_jessica, uniq_sigmund
D:3:      layout_basic, basic_ecumenical_altar, hangedman_abyss_or_decor_stabs,
          uniq_natasha
D:4:      layout_rooms, minmay_temple_entry_trees, cheibrodos_sewer_entry_bend,
          nrook_mini_vaults, cheibrodos_gnoll_hut
D:5:      layout_basic, serial_shops, nicolae_shop_advertising_works
          [nicolae_subvault_shop_adworks], shop, shop_fountains,
          kennysheep_little_box, shop, minmay_misc_feat_more_columns,
          minmay_increasing_density
D:6:      layout_cave_pools, nicolae_shop_gadgets
D:7:      layout_rooms, serial_aquarium, aquarium_bridge_square
          [aquarium_subvault_bridge, aquarium_subvault_wall,
          aquarium_subvault_wall, aquarium_subvault_window],
          aquarium_window_fake, aquarium_window_fake, aquarium_window_1,
          aquarium_view_2e, aquarium_pool_2, uniq_pikel
D:8:      layout_gridville, serial_co_window_serial, co_window_paths_b,
          co_window_paths_b, co_window_of_opportunity_a, co_window_paths_a,
          co_window_paths_a, co_window_paths_a, co_window_unsneaky_path_c,
          co_window_broadway_b, co_window_broadway_b, co_window_corner_cb,
          co_window_2corner, co_window_broadway_a, co_window_corner_b,
          glass_columns_c, glass_columns_c, glass_columns_b, glass_columns_b
D:9:      nicolae_BIG_FREAKIN_CUBE, layout_irregular_city,
          minmay_misc_feat_secret_circle, fungi_pond_lemuel, uniq_erolcha
D:10:     layout_big_octagon, mainiacjoe_overflow_surrounded_room, orc_0_dummy,
          uniq_josephine
D:11:     layout_long_grid, lair_entry_dummy, uniq_urug
D:12:     layout_long_grid, portal_ice_cave_entry_ice_simulacra, wad_scary_box,
          uniq_snorg, uniq_maurice, uniq_lodul
D:13:     layout_basic, serial_shops, nicolae_take_the_stairs, minivault_24,
          kennysheep_generic_room_9
D:14:     layout_loops_cross, david_vaults_3, hangedman_tell_no_tales
Temple:   compressed_dpeg_circular_temple
Lair:1:   layout_loops_ring, grunt_forest_large_clearings
Lair:2:   layout_cave_pods
Lair:3:   layout_hall_layers, guppyfry_snake_entry_island, basic_altar,
          infiniplex_staircase_pool_2, grunt_megastairs_4
Lair:4:   layout_regular_city, minmay_shoals_entry_hut, gammafunk_ghost_grave
Lair:5:   layout_cave_pods, slime_altar_1, enter_volcano_4,
          gammafunk_ghost_berserking_beasts, grunt_megastairs_5
Lair:6:   evilmike_catoblepas_cave, layout_cave_pods,
          nicolae_quartered_pool_super, lemuel_fruit_tree, grunt_megastairs_2
Orc:1:    layout_diamond_mine, serial_shops, shop, shop, shop,
          nicolae_diamond_shop
Orc:2:    st_orc_rangers, layout_caves

Skill      XL: |  1  2  3  4  5  6  7  8  9 10 11 12 13 14 15 |
---------------+----------------------------------------------+-----
Long Blades    | 2 3 4 5 7 8 9 10 11 12 | 12.2
Armour         | 4 5 6 9 10 11 12 13 14 | 14.6
Dodging        | 1 2 4 5 6 7 |  7.7
Shields        | 4 5 6 9 10 11 12 13 14 | 14.6
Fighting       | 4 5 6 7 8 9 10 | 10.6
Evocations     | 1 2 4 5 6 7 8 |  8.3
Invocations    | 1 4 5 6 7 8 9 |  9.6

Action                   |  1- 3 |  4- 6 |  7- 9 | 10-12 | 13-15 | 16-18 || total
-------------------------+-------+-------+-------+-------+-------+-------++-------
Melee: Long sword        |    81 |   155 |   682 |   527 |  1636 |    49 ||  3130
       Broad axe         |       |       |       |       |    41 |       ||    41
Invok: Heroism           |       |       |       |     3 |    26 |     2 ||    31
       Finesse           |       |       |       |     1 |    11 |     2 ||    14
Evoke: Wand              |       |       |       |    23 |     4 |       ||    27
  Use: Scroll            |     4 |     5 |    13 |     6 |     3 |       ||    31
       Potion            |     2 |       |     4 |     1 |     9 |       ||    16
Armor: Scale mail        |    25 |       |       |       |       |       ||    25
       Chain mail        |    25 |    87 |   453 |   116 |       |       ||   681
       Plate armour      |       |       |       |   224 |  1006 |    66 ||  1296
Dodge: Dodged            |    30 |    48 |   254 |   179 |   577 |    28 ||  1116
       Repelled          |       |       |       |       |    15 |     1 ||    16
Block: Buckler           |    21 |    49 |   156 |       |       |       ||   226
       Kite shield       |       |       |    49 |   490 |  1391 |    53 ||  1983

Table legend: (Time is in decaauts)
 A = Elapsed time spent in this place.
 B = Non-inter-level travel time spent in this place.
 C = Inter-level travel time spent in this place.
 D = Time resting spent in this place.
 E = Time spent auto-exploring this place.
 F = Levels seen in this place.
 G = Mean time per level.
                   A        B        C        D        E       F      G
               +--------+--------+--------+--------+--------+-----+--------+
         Total |  20692 |  19154 |   1538 |    117 |  12238 |  26 |  795.8 |
       Dungeon |  11674 |  10706 |    968 |     18 |   7036 |  14 |  833.9 |
        Temple |     89 |     83 |      6 |      0 |     50 |   1 |   89.0 |
          Lair |   6123 |   5634 |    489 |      0 |   3950 |   6 | 1020.5 |
  Orcish Mines |   1345 |   1271 |     74 |     99 |    595 |   2 |  672.5 |
         Sewer |    875 |    875 |      0 |      0 |    493 |   1 |  875.0 |
      Ice Cave |    305 |    305 |      0 |      0 |     42 |   1 |  305.0 |
       Volcano |    278 |    278 |      0 |      0 |     71 |   1 |  278.0 |
               +--------+--------+--------+--------+--------+-----+--------+

Top non-repeatable levels by time:
  Lair:6: 1501 daAuts
  Lair:5: 1220 daAuts
     D:5: 1203 daAuts
     D:3: 1189 daAuts
     D:1: 1124 daAuts
    D:13: 1119 daAuts
     D:8: 1110 daAuts
  Lair:2: 955 daAuts
  Lair:4: 933 daAuts
    D:10: 906 daAuts
  Lair:1: 895 daAuts
   Sewer: 875 daAuts
     D:4: 834 daAuts
    D:11: 808 daAuts
    D:12: 789 daAuts
